 Dungeon Crawl Stone Soup version 0.31-a0-1338-gb567cfdca4 (webtiles) character file.

Game seed: 2790275010339539161

255949 RepHenryClay the Acrobat (level 19, 0/100 HPs)
             Began as a Deep Elf Alchemist on Dec 22, 2023.
             Was the Champion of Vehumet.
             Slain by a +5 heavy scimitar (28 damage)
             ... on level 3 of the Elven Halls.
             The game lasted 02:02:20 (38817 turns).

RepHenryClay the Acrobat (Deep Elf Alchemist)      Turns: 38817, Time: 02:02:21

Health: 0/100      AC: 14    Str:  5    XL:     19   Next: 6%
Magic:  31/52      EV: 26    Int: 35    God:    Vehumet [******]
Gold:   2217       SH:  0    Dex: 17    Spells: 2/48 levels left

rFire   + . .        a - +3 Elemental Staff {ele, rElec rF+ rC+ AC+3}
rCold   + . .        i - orb {*channel}
rNeg    + . .        l - +1 leather armour of the Guild-Master {rPois Regen+}
rPois   +            o - +0 helmet
rElec   +            M - +0 cloak {rPois}
rCorr   .            d - +2 pair of gloves of the Equinox {Dex+2 Slay+3}
SInv    +            f - +1 pair of boots of the Eight of Pentacles {rElec Slay+5 SInv}
Will    +....        G - amulet of magic regeneration
Stlth   ++++         L - ring of Wiva {rN+ MP+9 Stlth+}
HPRegen 1.16/turn    E - +6 ring of intelligence
MPRegen 0.73/turn

%: channel magic (20%)
@: studying Shapeshifting
A: hooves 1, high MP 1, sturdy frame 1, persistent drain
}: 2/15 runes: barnacled, gossamer
a: Renounce Religion


You were on level 3 of the Elven Halls.
You worshipped Vehumet.
Vehumet was exalted by your worship.
You visited 7 branches of the dungeon, and saw 34 of its levels.
You also visited: Sewer.

You collected 3354 gold pieces.
You spent 1137 gold pieces at shops.

Inventory:

Hand Weapons
 a - the +3 Elemental Staff (weapon) {ele, rElec rF+ rC+ AC+3}
   (You acquired it on level 1 of the Dungeon)

   AC+3:      It affects your AC (+3).
   rF+:       It protects you from fire.
   rC+:       It protects you from cold.
   rElec:     It insulates you from electricity.
Armour
 d - the +2 pair of gloves of the Equinox (worn) {Dex+2 Slay+3}
   (You acquired it on level 15 of the Dungeon)

   Dex+2:     It affects your dexterity (+2).
   Slay+3:    It affects your accuracy & damage with ranged weapons and melee
   (+3).
 f - the +1 pair of boots of the Eight of Pentacles (worn) {rElec Slay+5 SInv}
   (You found it on level 1 of the Spider Nest)

   Slay+5:    It affects your accuracy & damage with ranged weapons and melee
   (+5).
   rElec:     It insulates you from electricity.
   SInv:      It lets you see invisible.
 i - an orb of energy (worn)
 l - the +1 leather armour of the Guild-Master (worn) {rPois Regen+}
   (You found it on level 2 of the Dungeon)

   rPois:     It protects you from poison Regen+: It increases your rate of
   health regeneration.
 o - a +0 helmet (worn)
 M - a +0 cloak of poison resistance (worn)
 S - a +2 leather armour of fire resistance
Jewellery
 s - a ring of willpower
 B - a +6 ring of strength
 E - a +6 ring of intelligence (right hand)
 F - a ring of protection from cold
 G - an amulet of magic regeneration (around neck)
 H - a ring of protection from fire
 K - an amulet of reflection
 L - the ring of Wiva (left hand) {rN+ MP+9 Stlth+}
   (You found it on level 3 of the Lair of Beasts)

   [ring of positive energy]

   rN+:       It protects you from negative energy.
   MP+9:      It affects your magic capacity (+9).
   Stlth+:    It makes you more stealthy.
 Q - a +6 ring of dexterity
 T - a ring of willpower
 U - a ring of see invisible
 V - a ring of flight
Wands
 v - a wand of light (19)
 N - a wand of charming (26)
 R - a wand of mindburst (5)
 Z - a wand of roots (3)
Scrolls
 e - 8 scrolls of teleportation
 g - 5 scrolls of silence
 h - 6 scrolls of fear
 j - 3 scrolls of amnesia
 p - 4 scrolls of enchant armour
 r - 9 scrolls of poison
 y - 5 scrolls of revelation
 z - 6 scrolls of enchant weapon
 D - 6 scrolls of blinking
 J - 6 scrolls of immolation
 O - a scroll of torment
 P - 3 scrolls of fog
 W - 5 scrolls of identify {@r1}
 X - 2 scrolls of butterflies
Potions
 b - 6 potions of magic
 c - 8 potions of lignification
 k - 19 potions of curing
 m - a potion of mutation
 n - 2 potions of might
 q - 8 potions of ambrosia
 t - 3 potions of enlightenment
 u - a potion of attraction
 w - 6 potions of resistance
 x - 5 potions of brilliance
 A - 6 potions of invisibility
 C - 5 potions of haste
 Y - 10 potions of heal wounds
Miscellaneous
 I - a lightning rod (4/4)


   Skills:
 - Level 5.0 Fighting
 - Level 12.0 Staves
 - Level 22.0 Dodging
 - Level 5.0 Stealth
 - Level 15.0 Spellcasting
 - Level 12.0 Conjurations
 - Level 5.0 Translocations
 + Level 12.5 Fire Magic
 + Level 12.1 Air Magic
 - Level 12.0 Alchemy
 - Level 12.0 Evocations


You had 2 spell levels left.
You knew the following spells:

 Your Spells              Type           Power      Damage    Failure   Level
a - Plasma Beam           Fire/Air       65%        2x1d81    1%          6
b - Mephitic Cloud        Conj/Alch/Air  100%       N/A       1%          3
c - Olgreb's Toxic Radia  Alch           84%        N/A       1%          4
d - Sticky Flame          Fire/Alch      100%       2d15      1%          4
e - Ignite Poison         Fire/Alch      100%       N/A       1%          4
f - Irradiate             Conj/Alch      42%        3d25      1%          5
g - Fireball              Conj/Fire      53%        3d21      1%          5
h - Iskenderun's Mystic   Conj/Tloc      72%        2d15      1%          4
i - Mercury Vapours       Alch/Air       100%       N/A       1%          2
j - Starburst             Conj/Fire      53%        6d14      1%          6
k - Stone Arrow           Conj/Erth      100%       3d13      1%          3

Your spell library contained the following spells:

 Spells                   Type           Power      Damage    Failure   Level
 Maxwell's Capacitive Co  Air            53%        ∞         32%         8
 Sandblast                Erth           78%        2d17      1%          1
 Shock                    Conj/Air       100%       1d9       1%          1
 Sting                    Conj/Alch      100%       1d9       1%          1
 Cigotuvi's Dreadful Rot  Necr/Alch/Air  100%       N/A       1%          2
 Scorch                   Fire           100%       2d9       1%          2
 Static Discharge         Conj/Air       100%       3-8/arc   1%          2
 Passwall                 Alch/Erth      66%        N/A       2%          2
 Ensorcelled Hibernation  Hex/Ice        78%        N/A       10%         2
 Jinxbite                 Hex            52%        N/A       10%         2
 Sublimation of Blood     Necr           26%        N/A       10%         2
 Inner Flame              Hex/Fire       81%        N/A       1%          3
 Swiftness                Air            100%       N/A       1%          3
 Volatile Blastmotes      Fire/Tloc      100%       2d18      1%          3
 Airstrike                Air            53%        2d(8-24)  1%          4
 Brom's Barrelling Bould  Conj/Erth      80%        2d9       1%          4
 Flame Wave               Conj/Fire      100%       2d21      1%          4
 Fulminant Prism          Conj/Alch      42%        3d19      1%          4
 Arcjolt                  Conj/Air       52%        1d62      1%          5
 Freezing Cloud           Conj/Ice/Air   55%        6-21      1%          5
 Alistair's Intoxication  Alch           56%        N/A       2%          5
 Eringya's Noxious Bog    Alch           42%        4d6       2%          6
 Frozen Ramparts          Ice            78%        1d12      4%          3
 Gell's Gravitas          Tloc           57%        N/A       4%          3
 Teleport Other           Tloc           57%        N/A       4%          3
 Leda's Liquefaction      Alch/Erth      40%        N/A       6%          4
 Petrify                  Alch/Erth      80%        N/A       6%          4
 Summon Lightning Spire   Summ/Air       80%        N/A       6%          4
 Summon Guardian Golem    Hex/Summ       26%        N/A       14%         3
 Tukima's Dance           Hex            26%        N/A       14%         3
 Dimensional Bullseye     Hex/Tloc       21%        N/A       17%         4
 Cause Fear               Hex            13%        N/A       34%         4
 Dispersal                Tloc           28%        N/A       54%         6
 Borgnjor's Vile Clutch   Necr/Erth      19%        N/A       63%         5
 Metabolic Englaciation   Hex/Ice        19%        N/A       63%         5
 Summon Cactus Giant      Summ           13%        N/A       98%         6
 Haunt                    Necr/Summ      13%        N/A       100%        7
 Malign Gateway           Summ/Tloc      21%        N/A       100%        7
 Dragon's Call            Summ           13%        N/A       100%        9


Dungeon Overview and Level Annotations

Branches:
Dungeon (15/15)            Temple (1/1) D:6            Lair (5/5) D:8
 Shoals (4/4) Lair:3       Spider (4/4) Lair:2        Slime (0/5) Lair:5
    Orc (2/2) D:12            Elf (3/3) Orc:2        Vaults (0/5) D:13
 Depths (0/4) D:15          Sewer (visited)

Altars:
Ashenzari
Cheibriados
Dithmenos
Elyvilon
Fedhas
Gozag
Hepliaklqana
Kikubaaqudgha
Makhleb
Nemelex Xobeh
Okawaru
Qazlal
Ru
Sif Muna
Trog
Uskayaw
Vehumet
Wu Jian
Xom
Yredelemnul
Zin
The Shining One
Jiyva

Shops:
D:1 ?   D:4 (:!*   D:11 *   Orc:1 (   Orc:2 (*(*   Shoals:1 *   Shoals:3 *

Portals:
Trove: D:10 (give +2 gold dragon scales)

Annotations:
D:10 3 runed translucent doors, grandjackal's ghost, novice DsGl
Lair:5 exclusion: 2 oklob plants, Haredoag's ghost, journeyman MiFi; yetimobile's ghost, journeyman TeAl
Elf:2 3 runed translucent doors
Elf:3 1 exclusion


Innate Abilities, Weirdness & Mutations

You have large cloven feet.
You have an increased reservoir of magic. (+10% MP)
Your movements are slightly less encumbered by armour. (ER -2)
Your health recovers twice as slowly from being drained.


Message History

You feel a strong surge of power!
The bolt of lightning hits the +5 heavy scimitar.
The +5 heavy scimitar completely resists.
The fiery plasma hits the +5 heavy scimitar!
The +5 heavy scimitar resists.
The +5 heavy scimitar is moderately damaged.
You hear a shout! x3
The +5 heavy scimitar hits you!!
The water elemental completely misses you.
Damage: -18%(-18hp) hp: 82%(82hp)
You hit the +5 heavy scimitar but do no damage.
The +5 heavy scimitar is moderately damaged.
The +5 heavy scimitar hits you!
The water elemental completely misses you.
Damage: -14%(-14hp) hp: 68%(68hp)
You hit the +5 heavy scimitar.
The +5 heavy scimitar is moderately damaged.
Casting: Plasma Beam (dangerous; 1% risk of failure)
Confirm with . or Enter, or press ? or * to list all spells.
Aiming: Stone Arrow (safe; 1% risk of failure)
Press: ? - help, Shift-Dir - straight line, f - +5 heavy scimitar
Aim: a +5 heavy scimitar (moderately damaged, 55% to hit)
You feel a surge of power!
The stone arrow misses the +5 heavy scimitar.
The +5 heavy scimitar hits you!!
The water elemental completely misses you.
Huge Dmg: -27%(-27hp) hp: 42%(42hp)
Casting: Stone Arrow (safe; 1% risk of failure)
Confirm with . or Enter, or press ? or * to list all spells.
Aiming: Stone Arrow (safe; 1% risk of failure)
Press: ? - help, Shift-Dir - straight line, f/p - +5 heavy scimitar
Aim: a +5 heavy scimitar (moderately damaged, 55% to hit)
You feel a surge of power!
The stone arrow hits the +5 heavy scimitar!
The +5 heavy scimitar is almost destroyed.
The +5 heavy scimitar hits you!
* * * LOW HITPOINT WARNING * * *
The water elemental completely misses you.
The +5 heavy scimitar hits you!!
You die...

*~* ******,,,,,,* ~~*
*,,^,,,* *****
*,,,,,,######
~~~~*****##....##....###
*****,,,......E?.....###
,,,,,,,*#(##.####....###
********.###.###.)....##
~~~~***,####.###(E....##
******,*####.####@...###
*,**####.####....###
********####.###.....###***
,,,,,,,,.......<####.....,*
*,,*****##.#.############,*
*,** ###..###########*,*
,,* ####.##########♣*,* *,*
*#.##..########..+,* *,*
***...#.#.######..♣***


You could see a water elemental and a +5 heavy scimitar.

Vanquished Creatures
  Arachne (Spider:3)
  Jorgrun (D:15)
  Asterion (Spider:2)
  Agnes (Spider:2)
  A kraken (Shoals:4)
  Kirke (D:12)
  Donald (Spider:3)
  Ilsuiw (Shoals:3)
  A frost giant (Shoals:4)
  3 emperor scorpions (Spider:4)
  8 ghost moths
  Louise (Spider:2)
  The ghost of math4jedi the Peltast, a journeyman MiBe of Trog (Spider:1)
  A deep elf elementalist (Elf:2)
  2 broodmothers (Spider:3)
  2 deep elf demonologists
  Nessos (D:15)
  4 spark wasps
  The ghost of Eugor the Thaumaturge, a journeyman DECj of Vehumet (Lair:5)
  Snorg (D:12)
  4 merfolk javelineers
  5 entropy weavers
  10 merfolk impalers
  Josephine (D:15)
  4 vault guards (D:13)
  A radroach (Spider:4)
  2 alligator snapping turtles
  5 ogre magi
  5 hydras
  3 merfolk avatars
  3 jorogumos (Spider:3)
  2 death knights (D:15)
  23 two-headed ogres
  Erica (D:10)
  5 centaur warriors
  9 dancing weapons
  5 satyrs
  13 death yaks
  5 demonic crawlers
  12 boulder beetles
  3 tengu warriors
  2 orc high priests
  A storm dragon zombie (D:15)
  5 deep elf knights
  4 skysharks
  5 pharaoh ants
  3 skeletal warriors (D:15)
  2 spark wasp zombies (D:15)
  A flayed ghost (D:15)
  9 orb spiders
  9 sea snakes
  5 deep elf archers
  5 steelbarb worms
  8 deep elf zephyrmancers
  13 deep elf pyromancers
  2 sun moths (Spider:4)
  17 wolf spiders
  A necromancer (D:15)
  4 orc knights
  32 harpies
  2 orc sorcerers
  5 lindwurms
  21 fauns
  15 ugly things
  11 manticores
  12 merfolk sirens
  3 moths of wrath
  4 kobold blastminers (Orc:2)
  12 cyclopes
  Maurice (D:8)
  A black mamba (shapeshifter) (D:15)
  11 elephants
  4 black mambas
  9 water nymphs
  2 gargoyles
  13 cane toads
  5 torpor snails
  An efreet (D:15)
  3 unseen horrors (D:12)
  A kobold demonologist (D:11)
  4 rime drakes
  3 freezing wraiths
  2 tengu conjurers (D:14)
  8 komodo dragons
  A troll (shapeshifter) (Spider:3)
  31 merfolk
  4 trolls
  5 polar bears
  6 wind drakes
  3 meliai (Spider:3)
  5 hornets
  12 blink frogs
  A tarantella (shapeshifter) (D:12)
  16 tarantellas
  2 dream sheep (Shoals:4)
  29 jumping spiders
  A centaur simulacrum (D:15)
  12 snapping turtles
  18 slime creatures
  17 culicivoras
  7 water elementals
  3 hogs
  2 fire elementals
  A shadow (D:11)
  24 yaks
  5 wraiths
  7 wyverns
  5 basilisks
  2 vampires
  6 wargs
  Grum (D:11)
  36 redbacks
  2 steam dragons
  Duvessa (D:5)
  3 acid dragons
  18 water moccasins
  18 orc warriors
  30 ogres
  3 ice beasts
  2 black bears
  3 sky beasts
  9 wolves
  12 centaurs
  4 phantoms (D:6)
  2 kobold brigands
  10 bullfrogs
  An earth elemental (Elf:3)
  2 scorpions (D:5)
  11 wights
  Dowan (D:5)
  9 killer bees
  4 electric eels
  A howler monkey (D:12)
  14 orc priests
  Crazy Yiuf (D:7)
  3 hounds
  A jelly (D:5)
  Terence (D:3)
  An iguana (D:4)
  3 sleepcaps (D:6)
  20 orc wizards
  A hell rat (Sewer)
  4 gnolls (D:4)
  4 river rats
  13 adders
  2 bombardier beetles
  4 ufetubi (D:6)
  6 worms
  3 dart slugs
  85 orcs
  5 endoplasms
  7 giant cockroaches
  8 goblins
  5 hobgoblins
  2 jackals (D:5)
  4 quokkas
  5 ball pythons
  5 bats
  5 frilled lizards
  20 kobolds
  9 rats
  2 butterflies
  A tentacle (Shoals:4)
1088 creatures vanquished.

Vanquished Creatures (others)
  A water elemental (Elf:3)
  A redback (Spider:2)
  8 ball lightnings (Elf:3)
  3 tentacles (Shoals:4)
13 creatures vanquished.

Grand Total: 1101 creatures vanquished

Notes
Turn   | Place    | Note
-------+----------+-------------------------------------------
     0 | D:1      | RepHenryClay the Deep Elf Alchemist began the quest for the
                  | Orb.
     0 | D:1      | Reached XP level 1. HP: 10/10 MP: 6/6
   291 | D:1      | Reached XP level 2. HP: 9/15 MP: 4/8
  1158 | D:1      | Found Duvoheim's Magic Scroll Boutique.
  1161 | D:1      | Bought a scroll of fear for 44 gold pieces
  1161 | D:1      | Bought a scroll of identify for 22 gold pieces
  1347 | D:2      | Reached XP level 3. HP: 7/19 MP: 1/9
  1445 | D:2      | Found a faded altar of an unknown god.
  1801 | D:2      | Reached XP level 4. HP: 24/24 MP: 6/10
  1803 | D:2      | Identified the +1 leather armour of the Guild-Master {rPois
                  | Regen+}
  2010 | D:2      | Learned a level 3 spell: Mephitic Cloud
  2015 | D:2      | Learned a level 4 spell: Olgreb's Toxic Radiance
  2107 | D:3      | Found an iron altar of Okawaru.
  2182 | D:3      | Noticed a centaur
  2317 | D:3      | Killed a centaur
  2318 | D:3      | Reached skill level 5 in Alchemy
  2318 | D:3      | Reached XP level 5. HP: 28/28 MP: 1/11
  2484 | D:3      | Reached skill level 5 in Conjurations
  2484 | D:3      | Reached XP level 6. HP: 21/32 MP: 6/12
  3169 | D:3      | Noticed Terence
  3175 | D:3      | Killed Terence
  3521 | D:4      | Found Hyones's Weapon Emporium.
  3676 | D:4      | Noticed an ice beast
  3822 | D:4      | Reached XP level 7. HP: 36/36 MP: 4/13
  3890 | D:4      | Learned a level 4 spell: Sticky Flame
  3986 | D:4      | Found Bupse's Distillery.
  3999 | D:4      | Bought a potion of curing for 30 gold pieces
  3999 | D:4      | Bought a potion of degeneration for 10 gold pieces
  3999 | D:4      | Bought a potion of lignification for 30 gold pieces
  3999 | D:4      | Bought a potion of invisibility for 80 gold pieces
  4209 | D:4      | Found Hoqod's Book Emporium.
  4229 | D:4      | Found an opulent altar of Gozag.
  4229 | D:4      | Found a sparkling altar of Nemelex Xobeh.
  4261 | D:5      | Entered Level 5 of the Dungeon
  4278 | D:5      | Reached skill level 1 in Fire Magic
  4678 | D:5      | Reached XP level 8. HP: 41/41 MP: 10/14
  4678 | D:5      | Identified the staff of the Iron City of Dis {rElec rF++
                  | Int-2 Conj}
  4834 | D:5      | Found a glowing drain.
  4839 | Sewer    | Entered a sewer
  5303 | D:5      | Noticed Duvessa
  5303 | D:5      | Noticed Dowan
  5311 | D:5      | Killed Dowan
  5312 | D:5      | Killed Duvessa
  5313 | D:5      | Reached skill level 5 in Spellcasting
  5313 | D:5      | Reached skill level 3 in Dodging
  5414 | D:5      | Learned a level 4 spell: Ignite Poison
  5566 | D:5      | Learned a level 2 spell: Static Discharge
  5660 | D:6      | Reached skill level 1 in Air Magic
  5951 | D:6      | Reached skill level 5 in Fire Magic
  6235 | D:6      | Reached skill level 4 in Dodging
  6235 | D:6      | Reached XP level 9. HP: 36/45 MP: 10/19
  6366 | D:6      | Found a staircase to the Ecumenical Temple.
  6376 | Temple   | Entered the Ecumenical Temple
  6715 | D:6      | Reached skill level 5 in Dodging
  7074 | D:4      | Found Uwkozuhim's General Store.
  7747 | D:7      | Found a sacrificial altar of Ru.
  7770 | D:7      | Reached skill level 6 in Dodging
  8228 | D:7      | Found a runed translucent door.
  8229 | D:7      | Noticed Crazy Yiuf
  8374 | D:7      | Identified the +0 scale mail of Experimentation {rF+
                  | Slay+5}
  8583 | D:7      | Reached skill level 7 in Dodging
  8583 | D:7      | Reached skill level 10 in Alchemy
  9108 | D:8      | Reached skill level 5 in Stealth
  9227 | D:8      | Learned a level 2 spell: Mercury Vapours
  9363 | D:8      | Reached skill level 8 in Dodging
  9493 | D:8      | Noticed Maurice
  9500 | D:8      | Killed Maurice
  9501 | D:8      | Reached XP level 10. HP: 47/50 MP: 11/21
  9792 | D:8      | Found a staircase to the Lair.
  9903 | D:9      | Noticed a two-headed ogre
  9907 | D:9      | Killed a two-headed ogre
  9908 | D:9      | Reached skill level 9 in Dodging
  9997 | D:9      | Reached skill level 10 in Dodging
 10117 | D:4      | Bought a book of Blasting for 392 gold pieces
 10322 | D:9      | Learned a level 4 spell: Iskenderun's Mystic Blast
 10387 | D:9      | Found a white marble altar of Elyvilon.
 10389 | D:9      | Found a shimmering blue altar of Sif Muna.
 10392 | D:9      | Found an ornate altar of the Wu Jian Council.
 10393 | D:9      | Found a blossoming altar of Fedhas.
 10393 | D:9      | Found a broken altar of Ashenzari.
 10395 | D:9      | Found a glowing golden altar of the Shining One.
 10473 | D:9      | Reached skill level 1 in Translocations
 11000 | D:10     | Entered Level 10 of the Dungeon
 11103 | D:10     | Noticed Erica
 11161 | D:10     | Killed Erica
 11162 | D:10     | Reached skill level 11 in Dodging
 11317 | D:10     | Reached XP level 11. HP: 49/54 MP: 14/25
 11501 | D:10     | Found a portal to a secret trove of treasure.
 11700 | D:10     | Found a radiant altar of Vehumet.
 11735 | D:10     | Became a worshipper of Vehumet
 12155 | D:10     | Found a runed translucent gate.
 12156 | D:10     | Found a runed translucent gate.
 12156 | D:10     | Found a runed translucent gate.
 12156 | D:10     | Noticed grandjackal's ghost (novice DsGl)
 12770 | D:11     | Identified the +3 scale mail of Anaesthesia {^Drain rF+++
                  | Int+3}
 13127 | D:11     | Found Acluefu's General Store.
 13247 | D:11     | Reached skill level 5 in Translocations
 13370 | D:11     | Noticed Grum
 13374 | D:11     | Killed Grum
 13554 | D:11     | Reached * piety under Vehumet
 13554 | D:11     | Offered knowledge of Magic Dart by Vehumet.
 13838 | D:11     | Bought a +2 pair of gloves of strength for 236 gold pieces
 14081 | D:12     | Reached skill level 12 in Dodging
 14257 | D:12     | Found a staircase to the Orcish Mines.
 14318 | D:12     | Noticed a two-headed ogre
 14325 | D:12     | Killed a two-headed ogre
 14325 | D:12     | Noticed a two-headed ogre
 14531 | D:12     | Noticed a deep elf pyromancer
 14589 | D:12     | Killed a deep elf pyromancer
 14590 | D:12     | Reached skill level 13 in Dodging
 14663 | D:12     | Reached skill level 10 in Conjurations
 14742 | D:12     | Noticed Snorg
 14748 | D:12     | Noticed a two-headed ogre
 14756 | D:12     | Killed a two-headed ogre
 14763 | D:12     | Killed Snorg
 14926 | D:12     | Killed a two-headed ogre
 14927 | D:12     | Reached skill level 14 in Dodging
 14927 | D:12     | Reached XP level 12. HP: 59/59 MP: 14/26
 15208 | D:12     | Noticed a centaur warrior
 15214 | D:12     | Killed a centaur warrior
 15319 | D:12     | Reached skill level 15 in Dodging
 16141 | Orc:1    | Entered Level 1 of the Orcish Mines
 16141 | Orc:1    | Noticed an orc high priest
 16147 | Orc:1    | Killed an orc high priest
 16362 | Orc:2    | Entered Level 2 of the Orcish Mines
 16375 | Orc:2    | Offered knowledge of Kiss of Death by Vehumet.
 16380 | Orc:2    | Reached ** piety under Vehumet
 16385 | Orc:2    | Reached skill level 16 in Dodging
 16757 | Orc:2    | Found a staircase to the Elven Halls.
 17419 | Orc:1    | Found Xuamaist's Weapon Boutique.
 17442 | Orc:1    | Offered knowledge of Momentum Strike by Vehumet.
 17951 | Orc:2    | Noticed a two-headed ogre
 17951 | Orc:2    | Noticed a two-headed ogre
 17951 | Orc:2    | Noticed an ogre mage
 17951 | Orc:2    | Noticed a two-headed ogre
 17952 | Orc:2    | Noticed an ogre mage
 17952 | Orc:2    | Noticed an ogre mage
 17952 | Orc:2    | Noticed an ogre mage
 17953 | Orc:2    | Noticed a two-headed ogre
 17957 | Orc:2    | Killed a two-headed ogre
 17959 | Orc:2    | Killed a two-headed ogre
 17959 | Orc:2    | Killed an ogre mage
 17960 | Orc:2    | Reached skill level 17 in Dodging
 17960 | Orc:2    | Killed an ogre mage
 17960 | Orc:2    | Killed a two-headed ogre
 17964 | Orc:2    | Killed a two-headed ogre
 17964 | Orc:2    | Reached *** piety under Vehumet
 17964 | Orc:2    | Killed an ogre mage
 17965 | Orc:2    | Reached XP level 13. HP: 63/63 MP: 16/28
 18448 | Orc:2    | Found Kenuis's Antique Weapon Shoppe.
 18448 | Orc:2    | Found Zaur's Assorted Antiques.
 18509 | Orc:2    | Offered knowledge of Inner Flame by Vehumet.
 18620 | Orc:2    | Reached skill level 10 in Spellcasting
 18620 | Orc:2    | Found Bawohyod's Weapon Boutique.
 18620 | Orc:2    | Found Megid's General Store.
 18626 | Orc:2    | Reached skill level 18 in Dodging
 19130 | D:1      | Bought a scroll of identify for 22 gold pieces
 19130 | D:1      | Bought a scroll of teleportation for 33 gold pieces
 19130 | D:1      | Bought a scroll of enchant weapon for 82 gold pieces
 19130 | D:1      | Bought 2 scrolls of teleportation for 66 gold pieces
 19130 | D:1      | Identified a scroll of acquirement
 19131 | D:1      | Acquired the +3 Elemental Staff {ele, rElec rF+ rC+ AC+3}
 19131 | D:1      | Found the +3 Elemental Staff {ele, rElec rF+ rC+ AC+3}
 19346 | Lair:1   | Entered Level 1 of the Lair of Beasts
 19782 | Lair:1   | Reached **** piety under Vehumet
 20162 | Lair:2   | Offered knowledge of Hailstorm by Vehumet.
 20328 | Lair:2   | Found a hole to the Spider Nest.
 20615 | Lair:2   | Reached skill level 19 in Dodging
 20862 | Lair:2   | Reached skill level 1 in Staves
 20862 | Lair:2   | Reached skill level 1 in Evocations
 20862 | Lair:2   | Reached XP level 14. HP: 68/68 MP: 23/30
 21203 | Lair:3   | Reached skill level 1 in Fighting
 21689 | Lair:3   | Found a staircase to the Shoals.
 22076 | Lair:3   | Identified the staff "Ogaomuoble" {*Slow rPois Int+2 Dex+4
                  | Earth}
 22080 | Lair:3   | Identified the ring of Wiva {rN+ MP+9 Stlth+}
 22706 | Lair:4   | Reached skill level 5 in Evocations
 23108 | Lair:5   | Entered Level 5 of the Lair of Beasts
 23133 | Lair:5   | Reached skill level 5 in Staves
 23407 | Lair:5   | Reached ***** piety under Vehumet
 23407 | Lair:5   | Offered knowledge of Plasma Beam by Vehumet.
 23415 | Lair:5   | Learned a level 6 spell: Plasma Beam
 23532 | Lair:5   | Reached skill level 5 in Fighting
 23575 | Lair:5   | Found a runed translucent gate.
 23575 | Lair:5   | Found a runed translucent gate.
 23664 | Lair:5   | Found a runed translucent gate.
 24102 | Lair:5   | Found a viscous altar of Jiyva.
 24104 | Lair:5   | Found a staircase to the Slime Pits.
 24366 | Lair:5   | Reached skill level 5 in Air Magic
 24366 | Lair:5   | Reached XP level 15. HP: 78/82 MP: 10/31
 24656 | Lair:5   | Noticed Haredoag's ghost (journeyman MiFi)
 24657 | Lair:5   | Noticed Eugor's ghost (journeyman DECj)
 24657 | Lair:5   | Noticed yetimobile's ghost (journeyman TeAl)
 25109 | D:7      | Killed Crazy Yiuf
 25273 | D:13     | Noticed Kirke
 25551 | D:12     | Killed Kirke
 25602 | D:13     | Found a gate to the Vaults.
 26316 | D:14     | Offered knowledge of Arcjolt by Vehumet.
 26509 | D:14     | You fall into a shaft and drop 1 floor!
 26509 | D:15     | Entered Level 15 of the Dungeon
 26555 | D:15     | Reached skill level 10 in Fire Magic
 26568 | D:15     | Learned a level 5 spell: Arcjolt
 26688 | D:15     | Noticed Jorgrun
 26688 | D:15     | Noticed Nessos
 26694 | D:15     | Killed Nessos
 26925 | D:15     | Killed Jorgrun
 26990 | D:15     | Found a staircase to the Depths.
 27199 | D:15     | Noticed Josephine
 27508 | D:15     | Reached XP level 16. HP: 66/87 MP: 22/35
 27750 | D:15     | Killed Josephine
 27760 | D:15     | Learned a level 5 spell: Fireball
 27985 | D:15     | Acquired the +2 pair of gloves of the Equinox {Dex+2
                  | Slay+3}
 28249 | Spider:1 | Entered Level 1 of the Spider Nest
 28399 | Lair:5   | Killed Eugor's ghost
 28973 | Spider:1 | Reached skill level 15 in Spellcasting
 29040 | Spider:1 | Found a runed translucent gate.
 29041 | Spider:1 | Found a runed translucent gate.
 29043 | Spider:1 | Found a runed translucent gate.
 29044 | Spider:1 | Noticed math4jedi's ghost (journeyman MiBe)
 29670 | Spider:1 | Offered knowledge of Conjure Ball Lightning by Vehumet.
 29696 | Spider:1 | Gained mutation: You are partially covered in iridescent
                  | scales. (AC +2) [mutagenic glow]
 29707 | Spider:1 | Gained mutation: You are dopey. (Int -2) [mutagenic glow]
 29726 | Spider:1 | Gained mutation: You are very dopey. (Int -4) [mutagenic
                  | glow]
 29727 | Spider:1 | Lost mutation: You are very dopey. (Int -4) [potion of
                  | mutation]
 29727 | Spider:1 | Lost mutation: You are partially covered in iridescent
                  | scales. (AC +2) [potion of mutation]
 29727 | Spider:1 | Lost mutation: You are dopey. (Int -2) [potion of mutation]
 29727 | Spider:1 | Gained mutation: Your magical capacity is low. (-10% MP)
                  | [potion of mutation]
 29727 | Spider:1 | Gained mutation: You are resistant to electric shocks.
                  | (rElec) [potion of mutation]
 29727 | Spider:1 | Gained mutation: You have large cloven feet. [potion of
                  | mutation]
 29748 | Spider:1 | Gained mutation: Your health recovers twice as slowly from
                  | being drained. [mutagenic glow]
 29778 | Spider:1 | Lost mutation: You have large cloven feet. [potion of
                  | mutation]
 29778 | Spider:1 | Lost mutation: You are resistant to electric shocks.
                  | (rElec) [potion of mutation]
 29778 | Spider:1 | Gained mutation: Your movements are slightly less
                  | encumbered by armour. (ER -2) [potion of mutation]
 29778 | Spider:1 | Gained mutation: You are somewhat resistant to further
                  | mutation. [potion of mutation]
 29779 | Spider:1 | Lost mutation: You are somewhat resistant to further
                  | mutation. [potion of mutation]
 29779 | Spider:1 | Lost mutation: Your magical capacity is low. (-10% MP)
                  | [potion of mutation]
 29779 | Spider:1 | Gained mutation: You have large cloven feet. [potion of
                  | mutation]
 29779 | Spider:1 | Gained mutation: You have an increased reservoir of magic.
                  | (+10% MP) [potion of mutation]
 29843 | Spider:1 | Killed math4jedi's ghost
 29930 | Spider:1 | Identified the +1 pair of boots of the Eight of Pentacles
                  | {rElec Slay+5 SInv}
 29993 | Spider:2 | Noticed Louise
 29999 | Spider:2 | Killed Louise
 30055 | Spider:2 | Noticed Agnes
 30062 | Spider:2 | Killed Agnes
 30089 | Spider:2 | Noticed Asterion
 30095 | Spider:2 | Noticed an Executioner
 30100 | Spider:2 | Killed Asterion
 31729 | Spider:3 | Noticed Donald
 31730 | Spider:3 | Killed Donald
 31822 | Spider:3 | Noticed Arachne
 31824 | Spider:3 | Killed Arachne
 31848 | Spider:3 | Reached XP level 17. HP: 92/92 MP: 41/41
 32276 | Spider:4 | Entered Level 4 of the Spider Nest
 32286 | Spider:4 | Reached skill level 10 in Air Magic
 32287 | Spider:4 | Reached skill level 20 in Dodging
 32294 | Spider:4 | Offered knowledge of Iskenderun's Battlesphere by Vehumet.
 33072 | Spider:4 | Reached skill level 10 in Evocations
 33191 | Spider:4 | Paralysed by a hornet for 3 turns
 33345 | Spider:4 | Found the +3 pair of gauntlets of War {Slay+5}
 33372 | Spider:4 | Identified the +1 pair of boots "Higa" {rElec}
 33391 | Spider:4 | Got a gossamer rune of Zot
 33610 | Shoals:1 | Entered Level 1 of the Shoals
 33882 | Shoals:1 | Reached skill level 10 in Staves
 34067 | Shoals:1 | Offered knowledge of Starburst by Vehumet.
 34070 | Shoals:1 | Reached skill level 21 in Dodging
 34121 | Shoals:1 | Learned a level 6 spell: Starburst
 34270 | Shoals:1 | Found Noji's General Store.
 34278 | Shoals:1 | Bought a scroll of blinking for 90 gold pieces
 34710 | Shoals:2 | Reached ****** piety under Vehumet
 35179 | Shoals:3 | Reached XP level 18. HP: 66/96 MP: 18/42
 35224 | Shoals:3 | Noticed Ilsuiw
 35224 | Shoals:3 | Found Nurhinukh's General Store.
 35230 | Shoals:3 | Killed Ilsuiw
 35700 | Shoals:3 | Got the Grimoire of Invitation and Maleficia
 36000 | Shoals:4 | Entered Level 4 of the Shoals
 36113 | Shoals:4 | Offered knowledge of Ozocubu's Refrigeration by Vehumet.
 36136 | Shoals:4 | Reached skill level 22 in Dodging
 36897 | Shoals:4 | Identified the staff of the Doomed Warrior {rC+ rN+ rCorr
                  | Str-3 Summ Ice}
 37001 | Shoals:4 | Got a barnacled rune of Zot
 37308 | Elf:1    | Entered Level 1 of the Elven Halls
 37513 | Elf:1    | Learned a level 5 spell: Irradiate
 38411 | Elf:1    | Learned a level 3 spell: Stone Arrow
 38507 | Elf:2    | Offered knowledge of Maxwell's Capacitive Coupling by
                  | Vehumet.
 38508 | Elf:2    | Reached XP level 19. HP: 100/100 MP: 40/43
 38755 | Elf:2    | Found a runed translucent gate.
 38756 | Elf:2    | Found a runed translucent gate.
 38756 | Elf:2    | Found a runed translucent gate.
 38798 | Elf:3    | Entered Level 3 of the Elven Halls
 38817 | Elf:3    | Slain by a +5 heavy scimitar

Illustrated notes

Levels and vault maps discovered:
D:1:      dpeg_arrival_round_a, layout_basic, serial_shops,
          nicolae_shop_rolled_up, minmay_misc_feat_more_columns,
          minmay_misc_feat_roman, dk_noncrumbling_2
D:2:      layout_rooms, dreamdust_ecumenical_altar_angels_and_demons,
          skrybe_limestone_x
D:3:      layout_loops_cross, old_standard_altar, patterned_corridor,
          uniq_terence
D:4:      layout_basic, grunt_temple_overflow_opulence, serial_shops, shop,
          shop, shop, shop_fountains
D:5:      layout_rooms, lightli_sewer_entry_pipes, uniq_duvessa
D:6:      kb_forest_paths, layout_basic, minmay_temple_entry_offerings,
          st_stairs_12, nicolae_fountain_basement
D:7:      layout_loops_corners, amcnicky_altar_gilded, uniq_crazy_yiuf_cottage
D:8:      layout_cave_pools, dpeg_oklobed_lair, minmay_misc_feat_nine_boxes,
          uniq_maurice
D:9:      layout_roguey, minitemple, serial_bayou_ford_a
D:10:     layout_basic, kennysheep_mini, nicolae_trove_entry_diagonal,
          gammafunk_ghost_nasty_kobolds, uniq_erica
D:11:     layout_roguey, serial_shops, shop, kennysheep_generic_room_11,
          uniq_grum
D:12:     layout_basic, orc_0_dummy, minmay_shattered_shrine, uniq_snorg
D:13:     layout_small_grid, lightli_vaults_fourway_checkpoint, uniq_kirke
D:14:     layout_roguey, serial_shops, nicolae_shop_bloodbath_and_beyond,
          infiniplex_staircase_pillars_2, nooodl_orcs_dogs
D:15:     gammafunk_depths_entry_grave, layout_stronghold, uniq_nessos,
          uniq_jorgrun, uniq_josephine
Temple:   bh_familiar_temple
Lair:1:   layout_misc_corridors, lemuel_fruit_fields, lemuel_fruit_tree,
          lemuel_fruit_fields
Lair:2:   layout_gridlike, hellmonk_spider_entry_life_and_decay,
          serial_bayou_shore_a, infiniplex_staircase_pool, grunt_megastairs_1
Lair:3:   layout_gridlike, minmay_shoals_entry_hut, minmay_lindwurm_lava,
          grunt_megastairs_2
Lair:4:   layout_loops_ring
Lair:5:   gammafunk_lair_ancient_temple, layout_hall_layers,
          minmay_slime_entry_oklob_enclosed, gammafunk_ghost_cemetery,
          st_stairs_12, grunt_forest_small_clearing_treed
Shoals:1: layout_shoals, serial_shops, shop
Shoals:2: layout_shoals, nicolae_shoals_lost_giant_amphitheater
Shoals:3: layout_shoals, nicolae_stop_n_shop_1, uniq_ilsuiw
Shoals:4: shoals_end_grunt_ice, layout_shoals
Spider:1: layout_spider_delve, gammafunk_ghost_tricky_traps
Spider:2: layout_cave_pods, nicolae_spider_rock_and_or_roll, uniq_louise,
          uniq_asterion, uniq_agnes
Spider:3: layout_chambers, hellmonk_deceptive_appearances, uniq_donald,
          uniq_arachne
Spider:4: spider_rune_water
Orc:1:    layout_caves, basic_altar, serial_shops, shop
Orc:2:    st_orc_ogre_mass, layout_diamond_mine, basic_altar
Elf:1:    nicolae_elf_arrival_fired_up, layout_gridlike, evilmike_minifort
Elf:2:    nicolae_elf_blades_crystal_corner, layout_gridlike, grunt_megastairs_3
Elf:3:    grunt_elf_hall_asides, layout_rooms, serial_shops,
          nicolae_shop_window_shopping, serial_aquarium,
          aquarium_bridge_long_separate [aquarium_subvault_window,
          aquarium_subvault_wall, aquarium_subvault_bridge,
          aquarium_subvault_bridge, aquarium_subvault_wall,
          aquarium_subvault_wall], aquarium_window_2, aquarium_window_1,
          aquarium_view_4, aquarium_balcony_double_3, grunt_ministairs_8

Skill      XL: |  1  2  3  4  5  6  7  8  9 10 11 12 13 14 15 16 17 18 |
---------------+-------------------------------------------------------+-----
Conjurations   | 2 3 4 5 7 10 12 | 12.0
Alchemy        | 4 5 6 8 10 12 | 12.0
Fire Magic     | 3 5 6 10 12 | 12.5
Spellcasting   | 5 6 8 9 10 13 15 | 15.0
Dodging        | 4 8 11 14 17 19 21 22 | 22.0
Air Magic      | 3 5 8 9 10 12 | 12.1
Stealth        | 5 |  5.0
Translocations | 3 5 |  5.0
Staves         | 1 6 8 10 12 | 12.0
Evocations     | 1 6 8 11 12 | 12.0
Fighting       | 5 |  5.0

Action                     |  1- 3 |  4- 6 |  7- 9 | 10-12 | 13-15 | 16-18 | 19-21 || total
---------------------------+-------+-------+-------+-------+-------+-------+-------++-------
  Melee: Short sword       |    17 |    16 |    85 |    29 |       |       |       ||   147
         Unarmed           |     1 |       |       |       |       |       |       ||     1
         Punch             |       |       |     1 |       |     1 |     2 |       ||     4
         Dagger            |       |       |       |    13 |       |       |       ||    13
         Staff             |       |       |       |       |   106 |   135 |     4 ||   245
   Cast: Sting             |    75 |    98 |   147 |    52 |       |       |       ||   372
         Mephitic Cloud    |       |     4 |     9 |    11 |    11 |     5 |       ||    40
         Olgreb's Toxic Ra |       |     1 |    11 |    37 |    47 |    42 |       ||   138
         Static Discharge  |       |       |    21 |    21 |     4 |       |       ||    46
         Sticky Flame      |       |       |    20 |    12 |    31 |     4 |       ||    67
         Mercury Vapours   |       |       |     2 |    80 |   298 |   240 |       ||   620
         Ignite Poison     |       |       |       |    59 |   136 |    59 |       ||   254
         Iskenderun's Myst |       |       |       |     8 |    27 |    16 |       ||    51
         Plasma Beam       |       |       |       |       |    78 |   330 |     7 ||   415
         Fireball          |       |       |       |       |       |    14 |       ||    14
         Arcjolt           |       |       |       |       |       |     2 |       ||     2
         Starburst         |       |       |       |       |       |     8 |       ||     8
         Stone Arrow       |       |       |       |       |       |     5 |    32 ||    37
         Irradiate         |       |       |       |       |       |     3 |       ||     3
  Evoke: Wand              |       |       |     1 |     3 |     1 |       |       ||     5
    Use: Scroll            |     2 |       |    11 |     5 |    13 |    12 |     1 ||    44
         Potion            |       |     1 |     1 |       |       |     7 |       ||     9
   Stab: Sleeping          |     1 |     1 |     2 |       |       |     1 |     1 ||     6
         Confused          |       |     1 |     2 |     1 |       |       |       ||     4
 Armour: Robe              |    24 |       |       |       |       |       |       ||    24
         Leather armour    |       |    27 |   142 |    79 |   179 |   222 |    23 ||   672
         Skin              |       |       |       |       |     2 |       |       ||     2
  Dodge: Dodged            |    33 |    19 |    90 |    84 |   272 |   368 |    19 ||   885
  Block: Other             |       |       |     1 |    26 |       |       |       ||    27
         Reflection        |       |       |       |     5 |       |       |       ||     5

Table legend: (Time is in decaauts)
 A = Elapsed time spent in this place.
 B = Non-inter-level travel time spent in this place.
 C = Inter-level travel time spent in this place.
 D = Time resting spent in this place.
 E = Time spent auto-exploring this place.
 F = Levels seen in this place.
 G = Mean time per level.
                   A        B        C        D        E       F      G
               +--------+--------+--------+--------+--------+-----+--------+
         Total |  39257 |  35008 |   4249 |   4234 |  24485 |  35 | 1121.6 |
       Dungeon |  20051 |  17611 |   2440 |   2495 |  12268 |  15 | 1336.7 |
        Temple |      1 |      1 |      0 |      0 |      0 |   1 |    1.0 |
          Lair |   6413 |   5652 |    761 |    281 |   4187 |   5 | 1282.6 |
        Shoals |   3655 |   3350 |    305 |    496 |   2175 |   4 |  913.8 |
   Spider Nest |   4734 |   4438 |    296 |    359 |   3130 |   4 | 1183.5 |
  Orcish Mines |   2667 |   2360 |    307 |    411 |   1596 |   2 | 1333.5 |
   Elven Halls |   1505 |   1367 |    138 |     95 |   1041 |   3 |  501.7 |
         Sewer |    227 |    227 |      0 |     97 |     87 |   1 |  227.0 |
               +--------+--------+--------+--------+--------+-----+--------+

Top non-repeatable levels by time:
    D:12: 2747 daAuts
  Lair:5: 1835 daAuts
   Orc:2: 1827 daAuts
     D:7: 1744 daAuts
     D:6: 1743 daAuts
     D:4: 1574 daAuts
    D:10: 1473 daAuts
  Lair:2: 1431 daAuts
    D:15: 1423 daAuts
     D:1: 1375 daAuts
Spider:3: 1369 daAuts
    D:11: 1261 daAuts
Spider:1: 1235 daAuts
  Lair:3: 1201 daAuts
     D:3: 1196 daAuts
